 Dungeon Crawl Stone Soup version 0.29-a0-870-g2c972031a6 (webtiles) character file.

Game seed: 14694069884092971717

85 Hasart the Shooter (level 4, -9/37 HPs)
             Began as a Demigod Hunter on July 18, 2022.
             Mangled by an iguana (10 damage)
             ... on level 4 of the Dungeon.
             The game lasted 00:03:21 (2206 turns).

Hasart the Shooter (Demigod Hunter)                 Turns: 2206, Time: 00:03:22

Health: -9/37      AC:  3    Str: 12    XL:     4   Next: 5%
Magic:  6/6        EV: 12    Int: 11    God:
Gold:   203        SH:  0    Dex: 21    Spells: 0/3 levels left

rFire   . . .      SeeInvis .   a - +0 shortbow
rCold   . . .      Faith    .   (shield currently unavailable)
rNeg    . . .      Spirit   .   c - +0 leather armour
rPois   .          Reflect  .   (no helmet)
rElec   .          Harm     .   (no cloak)
rCorr   .          Rampage  .   (no gloves)
Will    .....                   (no boots)
Stlth   ++........              (no amulet)
HPRegen 0.12/turn               (no ring)
MPRegen 0.10/turn               (no ring)

@: no status effects
A: high MP 1, forlorn, divine attributes
a: no special abilities


You were on level 4 of the Dungeon.
You visited 1 branch of the dungeon, and saw 4 of its levels.

You collected 203 gold pieces.

Inventory:

Hand Weapons
 a - a +0 shortbow (weapon)
 o - the +4 hand axe "Ylusy" {flame, Fly rPois rC- Dex+2}
   (You found it on level 2 of the Dungeon)

   It burns those it strikes, dealing additional fire damage.
   Big, fiery blades are also staple armaments of hydra-hunters.
   Dex:       It affects your dexterity (+2).
   rC:        It makes you vulnerable to cold.
   rPois:     It protects you from poison.
   Fly:       It grants you flight.
Armour
 c - a +0 leather armour (worn)
Wands
 n - a wand of paralysis (14)
Scrolls
 b - a scroll of immolation
 d - 2 scrolls of fog {unknown}
 f - 2 scrolls of identify {unknown}
 g - a scroll of noise {unknown}
 h - a scroll of enchant armour {unknown}
 l - a scroll of enchant weapon {unknown}
 m - a scroll of poison {unknown}
 p - a scroll of teleportation {unknown}
Potions
 e - 2 potions of brilliance {unknown}
 i - a potion of degeneration {unknown}
 j - a potion of heal wounds {unknown}
 k - a potion of flight {unknown}
 q - a potion of haste {unknown}
 r - 4 potions of curing {unknown}
 s - a potion of attraction {unknown}
 t - 2 potions of lignification {unknown}


   Skills:
 + Level 2.3 Fighting
 * Level 4.3 Ranged Weapons
 + Level 2.4 Dodging
 + Level 1.9 Stealth
 + Level 0.0 Spellcasting
 + Level 0.0 Air Magic
 + Level 0.0 Evocations


You couldn't memorise any spells.
You knew the following spells:

 Your Spells              Type           Power      Damage    Failure   Level
a - Swiftness             Air            0%         N/A       80%         3

Your spell library contained the following spells:

 Spells                   Type           Power      Damage    Failure   Level
 Ensorcelled Hibernation  Hex/Ice        0%         N/A       56%         2
 Passwall                 Tmut/Erth      0%         N/A       56%         2


Dungeon Overview and Level Annotations

Branches:
Dungeon (4/15)
 Temple: D:4-7


Innate Abilities, Weirdness & Mutations

You have an increased reservoir of magic. (+10% MP)
You shall have no god before yourself.
Your divine heritage dramatically boosts your attributes as you level up.


Message History

An iguana comes into view.
Found 7 stones.
You see here 10 gold pieces.
An iguana is nearby!
You shoot an arrow. The arrow hits the iguana.
The iguana hisses angrily.
The iguana is lightly wounded.
You hear a shout!
You shoot an arrow. The arrow barely misses the iguana.
A goblin comes into view. It is wielding a +0 dagger.
You shoot an arrow. The arrow closely misses the iguana.
The iguana bites you.
The iguana bites you but does no damage.
You shoot an arrow. The arrow hits the iguana!
The iguana is severely wounded.
The iguana completely misses you.
You shoot an arrow. The arrow hits the iguana.
The iguana is almost dead.
The iguana bites you!
You shoot an arrow.
The arrow hits the iguana but does no damage.
The iguana is almost dead.
The iguana bites you!
You are too injured to fight recklessly!
You are too injured to fight recklessly!
You are too injured to fight recklessly!
Fire: a) +0 shortbow
Press: ? - help, Q - select action, (/) - cycle Shift-Dir - straight line, f/p - iguana
Aim: an iguana (almost dead, 69% to hit)
You shoot an arrow.
The arrow hits the iguana but does no damage.
The iguana is almost dead.
The iguana barely misses you. The iguana bites you!
* * * LOW HITPOINT WARNING * * *
Fire: a) +0 shortbow
Press: ? - help, Q - select action, (/) - cycle Shift-Dir - straight line, f - goblin, p - iguana
Aim: a goblin, wielding a +0 dagger (59% to hit)
You shoot an arrow. The arrow barely misses the iguana.
The arrow misses the goblin.
The iguana bites you!
You die...

### # ..# (# #.#
.. #.##.#.### ..
#.lg.....# .. #@#
#.# #.####.# #.#
#..>...# #.#
###.#.## #.#
#...#.# #<#
#.....# #.#
#...###.#######.#
## #.........#
###########


You could see an iguana and a goblin.

Vanquished Creatures
  An orc wizard (D:3)
  A worm (D:2)
  2 dart slugs (D:1)
  An orc (D:2)
  3 ball pythons (D:1)
  4 endoplasms
  3 giant cockroaches
  8 goblins
  5 hobgoblins
  4 kobolds
  A quokka (D:2)
  8 bats
  4 frilled lizards
  3 rats
48 creatures vanquished.

Notes
Turn   | Place    | Note
-------+----------+-------------------------------------------
     0 | D:1      | Hasart the Demigod Hunter began the quest for the Orb.
     0 | D:1      | Reached XP level 1. HP: 17/17 MP: 3/3
    83 | D:1      | Reached skill level 1 in Stealth
   175 | D:1      | Reached XP level 2. HP: 24/24 MP: 4/4
   594 | D:1      | Reached skill level 4 in Ranged Weapons
   872 | D:2      | Reached XP level 3. HP: 29/29 MP: 5/5
  1317 | D:2      | Identified the +4 hand axe "Ylusy" {flame, Fly rPois rC-
                  | Dex+2}
  1560 | D:3      | Reached XP level 4. HP: 23/37 MP: 6/6
  1573 | D:3      | Learned a level 3 spell: Swiftness
  2205 | D:4      | HP: 1/37 [iguana (13)]
  2206 | D:4      | Mangled by an iguana

Illustrated notes

Levels and vault maps discovered:
D:1:      lightli_arrival_quake, layout_loops_ring,
          dreamdust_ecumenical_altar_hidden_monk_grotto
D:2:      layout_basic
D:3:      layout_basic, nicolae_ru_great_annihilating_truth
D:4:      layout_loops_ring, fedhas_altar_fruit_tree, kennysheep_mini,
          lemuel_doored_altar, grunt_ministairs_2

Skill      XL: |  1  2 |
---------------+-------+-----
Stealth        | 1 |  1.9
Fighting       | 2 |  2.3
Dodging        | 2 |  2.4
Ranged Weapons | 4 |  4.3

Action                   |  1- 3 |  4- 6 || total
-------------------------+-------+-------++-------
 Fire: Shortbow          |   104 |     9 ||   113
Armor: Leather armour    |    13 |     1 ||    14
Dodge: Dodged            |    20 |     2 ||    22

Table legend: (Time is in decaauts)
 A = Elapsed time spent in this place.
 B = Non-inter-level travel time spent in this place.
 C = Inter-level travel time spent in this place.
 D = Time resting spent in this place.
 E = Time spent auto-exploring this place.
 F = Levels seen in this place.
 G = Mean time per level.
                   A        B        C        D        E       F      G
               +--------+--------+--------+--------+--------+-----+--------+
         Total |   2243 |   2169 |     74 |      9 |   1896 |   4 |  560.8 |
       Dungeon |   2243 |   2169 |     74 |      9 |   1896 |   4 |  560.8 |
               +--------+--------+--------+--------+--------+-----+--------+

Top non-repeatable levels by time:
     D:3: 829 daAuts
     D:1: 802 daAuts
     D:2: 583 daAuts
     D:4: 29 daAuts
